 Dungeon Crawl Stone Soup version 0.29.0-4-gdea44cf6ec (webtiles) character file.

Game seed: 1222243131526373814

128 qw the Chopper (level 4, 0/39 HPs)
             Began as a Minotaur Berserker on Sept 4, 2022.
             Was a Believer of Trog.
             Succumbed to a kobold's poison
             ... on level 3 of the Dungeon.
             The game lasted 00:00:41 (1837 turns).

qw the Chopper (Minotaur Berserker)                 Turns: 1837, Time: 00:00:42

Health: 0/39       AC: 11    Str: 24    XL:     4   Next: 86%
Magic:  3/3        EV:  7    Int:  4    God:    Trog [**....]
Gold:   151        SH:  0    Dex:  9    Spells: 3/3 levels left

rFire   . . .      SeeInvis .   Y - +0 hand axe
rCold   . . .      Faith    .   (no shield)
rNeg    . . .      Spirit   .   e - +0 plate armour
rPois   .          Reflect  .   (helmet restricted)
rElec   .          Harm     .   (no cloak)
rCorr   +          Rampage  .   (no gloves)
Will    .....                   (no boots)
Stlth   ..........              (no amulet)
HPRegen 0.13/turn               c - ring of resist corrosion
MPRegen 0.08/turn               (no ring)

@: lethally poisoned (0 -> -3)
A: horns 2, retaliatory headbutt
a: Renounce Religion, Berserk, Trog's Hand


You were on level 3 of the Dungeon.
You worshipped Trog.
Trog was pleased with you.
You visited 1 branch of the dungeon, and saw 3 of its levels.

You collected 151 gold pieces.


Innate Abilities, Weirdness & Mutations

You have a pair of horns on your head.
You reflexively headbutt those who attack you in melee.


   Skills:
 - Level 3.6 Fighting
 + Level 6.8 Axes
 - Level 2.4 Armour
 - Level 2.1 Dodging


You had 3 spell levels left.
You didn't know any spells.
Your spell library was empty.

Inventory:

Hand Weapons
 k - a +0 whip
 Y - a +0 hand axe (weapon)
Armour
 e - a +0 plate armour (worn)
Jewellery
 b - a ring of resist corrosion
 c - a ring of resist corrosion (left hand)
 n - an amulet of magic regeneration
Scrolls
 a - 4 scrolls of teleportation
 g - 2 scrolls of identify
 i - a scroll of vulnerability {unknown}
Potions
 d - a potion of magic {unknown}
 f - a potion of resistance {unknown}
 h - a potion of curing {unknown}
 j - a potion of berserk rage {unknown}
 l - a potion of heal wounds {unknown}
 m - a potion of lignification {unknown}

Dungeon Overview and Level Annotations

Branches:
Dungeon (3/15)

Altars:


Message History

You feel sick.
You feel sick.
1807 ||| FLEEEEING.
You feel sick.
1808 ||| FLEEEEING.
You feel sick.
You feel sick.
You are no longer poisoned.
You start resting.
A kobold is nearby!
1824 ||| FLEEEEING.
1825 ||| FLEEEEING.
The kobold throws a poisoned dart.
The poisoned dart hits you!
You are poisoned.
You see here a +0 hand axe.
1826 ||| FLEEEEING.
You feel sick.
You feel sick.
1828 ||| FLEEEEING.
You feel sick.
1829 ||| FLEEEEING.
You feel sick.
1830 ||| FLEEEEING.
You feel sick.
The kobold throws a poisoned dart.
The poisoned dart hits you!
You are lethally poisoned!
1831 ||| FLEEEEING.
You feel sick.
The kobold throws a poisoned dart.
The poisoned dart barely misses you.
1832 ||| FLEEEEING.
You feel sick.
1833 ||| FLEEEEING.
You feel sick.
1834 ||| FLEEEEING.
You feel sick.
1835 ||| FLEEEEING.
You feel sick.
1836 ||| FLEEEEING.
You feel sick.
1837 ||| FLEEEEING.
You die...

#.. .. #.# #############.
#.# #.............
#########.# #.#####.......
..........###.####.....#..
...
####..........%...#.....
#.#
######.#......#####.#.....
#.# #......##.#####
##.#..... #.# #)#######@#
#......<. #.# #.# #.#
#........ #.# #.# #.#
#........ #.# #.# #.#
####..... ..######.# #.#
#..... .........# #.#
#..... .######### #K#
####.. .# ##.# ### .# #..#
#


You could see a kobold.

Vanquished Creatures
  A scorpion (D:2)
  Robin (D:2)
  An adder (D:2)
  A dart slug (D:1)
  5 endoplasms
  11 goblins
  6 hobgoblins
  A quokka (D:1)
  5 ball pythons
  2 bats
  4 kobolds
  5 rats
43 creatures vanquished.

Notes
Turn   | Place    | Note
-------+----------+-------------------------------------------
     0 | D:1      | qw the Minotaur Berserker began the quest for the Orb.
     0 | D:1      | Reached XP level 1. HP: 19/19 MP: 0/0
     0 | D:1      | 0 ||| qw: Version: 0.1-a-103-gd6f5d3a
     0 | D:1      | 0 ||| qw: Game counter: 5403
     0 | D:1      | 0 ||| qw: Always use a shield: true
     0 | D:1      | 0 ||| qw: Do Orc after D:15 true
     0 | D:1      | 0 ||| qw: Do second Lair branch before Depths: true
     0 | D:1      | 0 ||| qw: Lair rune preference: random
     0 | D:1      | 0 ||| qw: Plans: Normal
     0 | D:1      | 0 ||| PLANNING D:1-11
    76 | D:1      | 76 ||| Stepping ~*~*~tactically~*~*~ (stealth).
   117 | D:1      | 117 ||| Stepping ~*~*~tactically~*~*~ (stealth).
   142 | D:1      | Reached skill level 4 in Axes
   230 | D:1      | Reached XP level 2. HP: 26/26 MP: 1/1
   601 | D:1      | 601 ||| DROPPING +0 club.
   681 | D:1      | Found a faded altar of an unknown god.
   688 | D:1      | 688 ||| UPGRADING to +0 plate armour.
   698 | D:1      | 698 ||| DROPPING +0 animal skin.
   699 | D:1      | 699 ||| UPGRADING to ring of resist corrosion.
   700 | D:1      | 700 ||| READING 5 scrolls labelled LEHONIDOUF.
   703 | D:1      | 703 ||| READING scroll labelled PETZEA EVVE.
   704 | D:1      | 704 ||| READING 2 scrolls labelled YKKYPT UCWUCAO.
   705 | D:1      | 705 ||| DROPPING scroll of immolation.
   949 | D:2      | Noticed a scorpion
   956 | D:2      | Killed a scorpion
   957 | D:2      | Reached skill level 6 in Axes
   957 | D:2      | Reached XP level 3. HP: 26/31 MP: 2/2
   957 | D:2      | Reached XP level 4. HP: 33/39 MP: 3/3
  1272 | D:2      | 1272 ||| Stepping ~*~*~tactically~*~*~ (hiding).
  1275 | D:2      | 1275 ||| Stepping ~*~*~tactically~*~*~ (hiding).
  1302 | D:2      | 1302 ||| Stepping ~*~*~tactically~*~*~ (stealth).
  1324 | D:2      | Noticed Robin
  1325 | D:2      | 1325 ||| INVOKING Berserk.
  1331 | D:2      | Killed Robin
  1452 | D:2      | 1452 ||| Stepping ~*~*~tactically~*~*~ (stealth).
  1455 | D:2      | 1455 ||| Stepping ~*~*~tactically~*~*~ (stealth).
  1461 | D:2      | Reached ** piety under Trog
  1500 | D:2      | 1500 ||| Stepping ~*~*~tactically~*~*~ (stealth).
  1622 | D:2      | 1622 ||| READING 2 scrolls labelled TENNYWNELI.
  1623 | D:2      | 1623 ||| READING scroll labelled MOTOGI WINT.
  1624 | D:2      | 1624 ||| DROPPING potion of invisibility.
  1799 | D:3      | 1799 ||| FLEEEEING.
  1800 | D:3      | 1800 ||| FLEEEEING.
  1801 | D:3      | 1801 ||| FLEEEEING.
  1807 | D:3      | 1807 ||| FLEEEEING.
  1808 | D:3      | 1808 ||| FLEEEEING.
  1824 | D:3      | 1824 ||| FLEEEEING.
  1825 | D:3      | 1825 ||| FLEEEEING.
  1826 | D:3      | 1826 ||| FLEEEEING.
  1828 | D:3      | 1828 ||| FLEEEEING.
  1829 | D:3      | 1829 ||| FLEEEEING.
  1830 | D:3      | 1830 ||| FLEEEEING.
  1830 | D:3      | HP: 9/39 [poisoned by a kobold]
  1831 | D:3      | 1831 ||| FLEEEEING.
  1832 | D:3      | 1832 ||| FLEEEEING.
  1833 | D:3      | 1833 ||| FLEEEEING.
  1833 | D:3      | HP: 3/39 [poisoned by a kobold]
  1834 | D:3      | 1834 ||| FLEEEEING.
  1835 | D:3      | 1835 ||| FLEEEEING.
  1836 | D:3      | 1836 ||| FLEEEEING.
  1836 | D:3      | HP: 1/39 [poisoned by a kobold]
  1837 | D:3      | 1837 ||| FLEEEEING.
  1837 | D:3      | Succumbed to a kobold's poison

Levels and vault maps discovered:
D:1:      amcnicky_arrival_gap_in_the_tavern_cellar, layout_rooms,
          basic_ecumenical_altar, nrook_campfire
D:2:      layout_basic, uniq_robin
D:3:      layout_loops_ring

Skill      XL: |  1  2 |
---------------+-------+-----
Axes           | 4 6 |  6.8
Fighting       | |  3.6
Armour         | |  2.4
Dodging        | |  2.1

Action                   |  1- 3 |  4- 6 || total
-------------------------+-------+-------++-------
Melee: Hand axe          |    35 |    57 ||    92
       Headbutt          |     7 |    12 ||    19
Invok: Berserk           |       |     1 ||     1
  Use: Scroll            |     3 |     2 ||     5
Armor: Animal skin       |     7 |       ||     7
       Plate armour      |     3 |    27 ||    30
Dodge: Dodged            |    22 |    15 ||    37

Table legend:
 A = Non-vault XP
 B = Vault XP
 C = Vault XP percentage of total XP
 D = Non-vault monster count
 E = Vault monster count
 F = Vault count percentage of total count
                 A         B        C        D         E       F
            +---------+---------+-------+---------+---------+-------
      Total |     148 |      35 |  19.1 |      31 |      12 |  27.9
            +---------+---------+-------+---------+---------+-------
        D:1 |      22 |       0 |   0.0 |      14 |       0 |   0.0
        D:2 |     119 |      35 |  22.7 |      13 |      12 |  48.0
        D:3 |       7 |       0 |   0.0 |       4 |       0 |   0.0
            +---------+---------+-------+---------+---------+-------
